Map: 星軌船廠

Players

Sen - Winner!

  • Race: Zerg Zerg
  • League: Master

YouRush (JoJo)

  • Race: Zerg Zerg
  • League: Master

Event: 2016 WCS Winter Challenger Taiwan

VOD

Have the link to the VOD?

Description

Time

  • Played on: Jan. 8, 2016, 5:29 a.m.
  • Length: 9:21

All games in this series

Show
View Real Time Build Order
Export as new Build Order

Sen Zerg - Winner!

Build Orders: Hatch First 

Get SALT Encoding   

  12  0:00  Drone  
  13  0:07  Drone  
  14  0:17  Overlord  
  14  0:23  Extractor  
  14  0:24  Drone  
  15  0:35  Drone x2  
  17  0:44  Drone  
  18  0:55  Hatchery  
  17  0:57  Drone  
  17  1:00  Extractor  
  17  1:13  Spawning Pool  
  17  1:16  Drone  
  17  1:18  Drone  
  18  1:27  Drone  
  19  1:37  Overlord  
  19  1:53  Drone  
  20  1:59  Queen  
  20  2:00  Zergling x2  
  23  2:04  Metabolic Boost  
  23  2:06  Spine Crawler  
  23  2:08  Queen  
  24  2:13  Zergling x2  
  24  2:15  Zergling x2  
  26  2:25  Baneling Nest  
  25  2:33  Drone x3  
  25  2:36  Drone  
  30  2:40  Overlord  
  30  2:45  Drone  
  31  2:52  Drone  
  31  2:54  Drone  
  33  3:01  Drone  
  33  3:03  Lair  
  34  3:06  Overlord  
  34  3:08  Drone x2  
  34  3:12  Drone  
  37  3:16  Drone x2  
  37  3:18  Drone  
  41  3:20  Drone  
  41  3:29  Overlord  
  41  3:30  Drone x2  
  41  3:32  Extractor x2  
  41  3:34  Baneling  
  41  3:38  Drone x3  
  44  3:41  Overlord  
  44  3:44  Drone  
  45  3:51  Drone x4  
  45  3:54  Zergling x2  
  49  3:58  Baneling x3  
  49  4:01  Zergling x4  
  51  4:06  Baneling  
  51  4:07  Queen  
  49  4:15  Zergling x6  
  50  4:23  Zergling x8  
  51  4:30  Zergling x2  
  51  4:31  Zergling x4  
  53  4:32  Baneling  
  53  4:36  Extractor  
  53  4:37  Spire  
  51  4:43  Drone  
  51  4:44  Drone  
  53  4:48  Drone  
  53  4:49  Drone  
  54  4:55  Overseer  
  54  5:00  Overlord  
  54  5:01  Drone  
  54  5:05  Drone  
  56  5:09  Drone x3  
  57  5:14  Overlord  
  57  5:16  Drone  
  57  5:17  Drone  
  57  5:20  Drone  
  60  5:30  Overlord  
  60  5:36  Zergling x2  
  60  5:37  Zergling x4  
  62  5:46  Baneling x2  
  62  5:50  Mutalisk, Hatchery  
  62  5:51  Mutalisk x4  
  71  5:57  Zergling x6  
  74  6:15  Mutalisk x4  
  82  6:27  Overlord  
  82  6:28  Zerg Flyer Armor Level 1, Overlord  
  82  6:37  Drone x2  
  82  6:39  Extractor  
  83  6:44  Overlord  
  83  6:45  Drone  
  84  6:48  Extractor  
  83  6:57  Mutalisk x3  
  89  7:02  Queen  
  89  7:04  Drone  
  89  7:07  Mutalisk  
  94  7:12  Mutalisk  
  96  7:20  Mutalisk  
  96  7:22  Zergling x6  
  100  7:23  Zergling x4  
  89  7:37  Mutalisk x2  
  89  7:38  Mutalisk  
  89  7:44  Zergling x14  
  102  7:52  Mutalisk x2  
  102  7:56  Overlord x3  
  103  8:09  Mutalisk x2  
  99  8:13  Zergling x8  
  99  8:18  Overseer  
  95  8:27  Mutalisk x2  
  95  8:29  Zergling x18  
  101  8:36  Mutalisk  
  98  8:43  Zergling x8  
  95  8:54  Mutalisk x3  
Show
View Real Time Build Order
Export as new Build Order

YouRush Zerg 

Build Orders: Pool First 

Get SALT Encoding   

  12  0:00  Drone  
  13  0:08  Drone  
  14  0:20  Overlord  
  14  0:22  Extractor  
  14  0:23  Drone  
  15  0:38  Drone x2  
  17  0:44  Spawning Pool  
  17  0:47  Drone  
  17  0:54  Extractor  
  17  0:55  Drone  
  17  1:05  Drone  
  18  1:19  Hatchery  
  18  1:22  Drone  
  18  1:31  Queen  
  20  1:36  Zergling x2  
  21  1:42  Overlord  
  21  1:49  Drone  
  22  1:57  Metabolic Boost  
  22  2:07  Queen  
  24  2:14  Drone x2  
  26  2:20  Drone  
  27  2:31  Overlord  
  27  2:38  Drone x2  
  27  2:39  Drone  
  29  2:45  Roach Warren  
  29  2:46  Drone  
  29  2:48  Drone x2  
  31  2:52  Zergling x2  
  31  2:54  Zergling x2  
  33  3:04  Zergling x2  
  35  3:05  Zergling x2  
  35  3:19  Zergling x2  
  36  3:20  Zergling x12  
  42  3:27  Lair  
  42  3:29  Drone  
  42  3:30  Drone  
  44  3:35  Overlord  
  44  3:38  Extractor  
  44  3:40  Drone  
  44  3:43  Overlord  
  44  3:44  Extractor  
  43  3:55  Drone x2  
  44  4:03  Drone  
  44  4:07  Drone x2  
  44  4:08  Drone  
  47  4:22  Drone  
  48  4:28  Drone x2  
  48  4:30  Drone  
  43  4:33  Spire  
  43  4:34  Zergling x2  
  43  4:35  Zergling x2  
  43  4:36  Zergling x2  
  43  4:38  Zergling x2  
  45  4:47  Zergling x2  
  45  4:48  Zergling x2  
  45  4:50  Zergling x2  
  45  4:51  Zergling x2  
  49  4:53  Extractor  
  48  5:01  Overlord  
  48  5:13  Overlord  
  48  5:14  Drone x3  
  47  5:16  Drone x4  
  53  5:27  Overlord  
  53  5:33  Overlord  
  53  5:34  Drone  
  54  5:36  Hatchery  
  54  5:42  Overlord  
  53  5:46  Mutalisk x5  
  53  5:49  Mutalisk x3  
  68  6:00  Mutalisk  
  68  6:04  Mutalisk  
  71  6:28  Queen  
  71  6:30  Zerg Flyer Armor Level 1  
  73  6:33  Drone x8  
  81  6:41  Mutalisk  
  81  6:42  Mutalisk  
  81  6:43  Extractor  
  81  6:44  Overlord  
  84  6:47  Spore Crawler  
  84  6:48  Extractor  
  84  6:49  Mutalisk  
  84  6:55  Spore Crawler  
  84  6:59  Queen  
  84  7:01  Spine Crawler, Spore Crawler  
  84  7:03  Drone x6  
  84  7:06  Drone  
  90  7:10  Drone x3  
  90  7:11  Drone  
  93  7:23  Drone x2  
  90  7:34  Drone x5  
  90  7:35  Drone  
  90  7:36  Drone x3  
  83  7:46  Mutalisk x3  
  89  7:52  Zergling x4  
  89  7:54  Zergling x2  
  88  8:01  Spore Crawler  
  85  8:05  Mutalisk  
  85  8:06  Mutalisk x2  
  85  8:12  Zergling x2  
  88  8:13  Zergling x6  
  91  8:20  Zergling x10  
  91  8:26  Zergling x2  
  94  8:27  Zergling x2  
  94  8:30  Mutalisk  
  94  8:31  Mutalisk  
  67  8:43  Mutalisk x2  
  67  8:48  Zergling x6  
  63  8:52  Zergling x2  
  63  8:54  Zergling x2  
Tags
 
Add a new tag
Caveats
  • Supply blocks, unpowered buildings, or Contaminate may cause inaccurate times.
  • Supply counts are checked every 10 seconds.